 Dungeon Crawl Stone Soup version 0.30-a0-743-gbfdf073431 (webtiles) character file.

Game seed: 2313178333846568876

13405 Dittersdorf the Blocker (level 12, 0/80 HPs)
             Began as a Gargoyle Fighter on Feb 7, 2023.
             Was a High Priest of Okawaru.
             Killed by divine providence
             ... invoked by an orc priest
              (9 damage)
             ... on level 10 of the Dungeon.
             The game lasted 00:17:46 (10901 turns).

Dittersdorf the Blocker (Gargoyle Fighter)         Turns: 10901, Time: 00:17:47

Health: 0/80       AC: 30    Str: 31    XL:     12   Next: 5%
Magic:  12/12      EV:  9    Int:  9    God:    Okawaru [*****.]
Gold:   737        SH: 12    Dex:  9    Spells: 11/11 levels left

rFire   + . .      SeeInvis .    H - +6 flail
rCold   . . .      Faith    .    c - +1 buckler
rNeg    + . .      Spirit   .    F - +0 chain mail
rPois   ∞          Reflect  +    M - +0 helmet
rElec   +          Harm     .    i - +2 cloak
rCorr   .          Rampage  .    t - +2 pair of gloves
Will    .....                    h - +0 pair of boots Stlth
                                 r - amulet of reflection
HPRegen 0.33/turn                f - ring of protection from fire
MPRegen 0.13/turn                n - +6 ring of strength

@: no status effects
A: sickness immunity, AC +8, negative energy resistance 1, electricity
resistance, torment resistance 1, petrification resistance
a: Renounce Religion, Heroism, Finesse, Duel


You were on level 10 of the Dungeon.
You worshipped Okawaru.
Okawaru was extremely pleased with you.
You visited 2 branches of the dungeon, and saw 11 of its levels.

You collected 737 gold pieces.

Inventory:

Hand Weapons
 u - a +0 morningstar
 H - a +6 flail (weapon)
Missiles
 e - 2 curare-tipped darts (quivered)
 k - 5 throwing nets
Armour
 c - a +1 buckler (worn)
 h - a +0 pair of boots (worn)
 i - a +2 cloak (worn)
 t - a +2 pair of gloves (worn)
 F - a +0 chain mail (worn)
 M - a +0 helmet (worn)
Jewellery
 f - a ring of protection from fire (left hand)
 n - a +6 ring of strength (right hand)
 r - an amulet of reflection (around neck)
 A - a ring of protection from cold
 E - a ring of see invisible
 J - a ring of flight
Wands
 y - a wand of roots (7)
 z - a wand of flame (17)
 C - a wand of acid (23)
 K - a wand of digging (6)
Scrolls
 j - 2 scrolls of fog
 q - 2 scrolls of enchant weapon
 v - 2 scrolls of fear
 w - a scroll of enchant armour
 x - 3 scrolls of teleportation
Potions
 a - 4 potions of brilliance
 b - 2 potions of haste
 d - 5 potions of might
 g - 2 potions of mutation
 l - 5 potions of heal wounds
 m - 3 potions of cancellation
 o - 3 potions of curing
 G - 2 potions of berserk rage
 I - a potion of ambrosia


   Skills:
 + Level 11.0 Fighting
 + Level 9.8 Maces & Flails
 + Level 11.0 Armour
 + Level 11.0 Shields


You had 11 spell levels left.
You didn't know any spells.
Your spell library contained the following spells:

 Spells                   Type           Power      Damage    Failure   Level
 Beastly Appendage        Tmut           0%         N/A       87%         1
 Freeze                   Ice            0%         1d3       87%         1
 Sting                    Tmut/Pois      0%         1d3       87%         1
 Poisonous Vapours        Pois/Air       0%         N/A       95%         2
 Wereblood                Tmut           0%         N/A       95%         2
 Dazzling Flash           Conj/Hex       0%         N/A       99%         3
 Frozen Ramparts          Ice            0%         1d1       99%         3
 Hailstorm                Conj/Ice       0%         3d3       99%         3
 Spider Form              Tmut/Pois      0%         N/A       99%         3
 Olgreb's Toxic Radiance  Pois           0%         N/A       100%        4
 Agony                    Necr           0%         N/A       100%        5
 Silence                  Hex/Air        0%         N/A       100%        5


Dungeon Overview and Level Annotations

Branches:
Dungeon (10/15)            Temple (1/1) D:6             Orc (0/2) D:9
   Lair: D:8-11

Altars:
Cheibriados
Elyvilon
Hepliaklqana
Kikubaaqudgha
Okawaru
Qazlal
Ru
Sif Muna
Trog
Uskayaw
Xom
Yredelemnul
Zin

Shops:
D:5 *   D:7 ?

Portals:
Trove: D:10 (give +2 shadow dragon scales)


Innate Abilities, Weirdness & Mutations

You are immune to sickness and miasma.
Your stone body is resilient. (AC +8)
You are immune to poison.
You resist negative energy. (rN+)
You are resistant to electric shocks. (rElec)
You are resistant to unholy torment.
You are immune to petrification.


Message History

The orc warrior is heavily wounded.
You closely miss the orc warrior.
The orc warrior is heavily wounded.
The orc warrior hits you but does no damage.
You sock the orc warrior!
The orc warrior is almost dead.
The orc warrior hits you but does no damage.
You barely miss the orc warrior.
The orc warrior is almost dead.
You block the orc warrior's attack.
The orc priest invokes the aid of Beogh against you.
Beogh smites you!
You hit the orc warrior.
You kill the orc warrior!
Okawaru accepts your kill.
The orc priest begins to cast a cantrip, but forgets the words!
You closely miss the orc. You block the orc's attack.
The orc priest mumbles some strange prayers to Beogh against you.
Beogh smites you!
* * * LOW HITPOINT WARNING * * *
You closely miss the orc. You block the orc's attack.
You sock the orc!
You kill the orc!
Okawaru accepts your kill.
The orc priest calls down the wrath of Beogh upon you.
Beogh smites you!
* * * LOW HITPOINT WARNING * * *
You sock the orc!
You kill the orc!
Okawaru accepts your kill.
You sock the orc!
You kill the orc!
Okawaru accepts your kill.
You barely miss the orc. The orc closely misses you.
You bludgeon the orc!!
You kill the orc!
Okawaru accepts your kill.
The orc priest invokes the aid of Beogh against you.
Beogh smites you!
You die...

>.# #...........#
..######...........#
..##...............#
.....###...........#
..#### #...o.....(.#
..# #..oo.......#
### #.......oo..# ##
#########)### .# #@#
.# ###)# '## #...#
..# #.### ..#
######.##### ..#
###..........# ..#
#............# ..+
#.####)####..# ..#
#.^#.#^.#..#


You could see an orc priest and an orc.

Vanquished Creatures
  Harold (D:9)
  A centaur warrior (D:10)
  2 two-headed ogres
  A deep elf pyromancer (D:10)
  A cyclops (D:6)
  2 unseen horrors
  A komodo dragon (D:10)
  A troll (D:10)
  A shadow (D:10)
  12 yaks
  A wraith (D:6)
  A warg (D:6)
  Duvessa (D:4)
  A swamp drake (D:9)
  5 water moccasins
  7 orc warriors
  4 black bears
  10 ogres
  3 sky beasts
  2 centaurs
  2 phantoms
  3 kobold brigands
  3 gnoll sergeants
  5 bullfrogs
  A necrophage (D:7)
  3 scorpions
  A water moccasin zombie (D:6)
  4 wights
  Dowan (D:4)
  8 killer bees
  4 howler monkeys
  A bullfrog zombie (D:6)
  A jelly (D:5)
  4 gnoll boudas
  13 orc priests
  10 hounds (D:6)
  Ijyb (D:5)
  2 bullfrog skeletons (D:6)
  A centaur skeleton (D:6)
  5 iguanas
  Natasha (thrice) (D:3)
  18 orc wizards
  A killer bee zombie (D:6)
  A howler monkey zombie (D:6)
  20 gnolls
  9 adders
  2 white imps
  2 ufetubi
  3 worms
  3 dart slugs (D:2)
  56 orcs
  6 ball pythons
  A bat zombie (D:6)
  8 endoplasms
  4 giant cockroaches
  13 hobgoblins
  6 jackals (D:1)
  9 quokkas
  6 bats
  A frilled lizard (D:3)
  6 goblins
  19 kobolds
  3 rats
  2 rat zombies (D:6)
333 creatures vanquished.

Vanquished Creatures (others)
  An unseen horror (D:9)
  2 orc wizards
  An orc (D:9)
  2 plants
6 creatures vanquished.

Grand Total: 339 creatures vanquished

Notes
Turn   | Place    | Note
-------+----------+-------------------------------------------
     0 | D:1      | Dittersdorf the Gargoyle Fighter began the quest for the
                  | Orb.
     0 | D:1      | Reached XP level 1. HP: 14/14 MP: 1/1
    28 | D:1      | Reached XP level 2. HP: 10/19 MP: 2/2
   153 | D:1      | Reached XP level 3. HP: 21/23 MP: 3/3
   237 | D:1      | Found a faded altar of an unknown god.
   617 | D:2      | Reached XP level 4. HP: 25/29 MP: 4/4
   827 | D:2      | Found a snail-covered altar of Cheibriados.
  1443 | D:3      | Noticed Natasha
  1450 | D:3      | Killed Natasha
  1451 | D:3      | Reached XP level 5. HP: 23/33 MP: 5/5
  1826 | D:3      | Noticed Natasha
  1836 | D:3      | Killed Natasha
  2086 | D:3      | Noticed Natasha
  2098 | D:3      | Killed Natasha
  3106 | D:4      | Noticed a phantom
  3115 | D:4      | Killed a phantom
  3116 | D:4      | Reached XP level 6. HP: 38/39 MP: 6/6
  3205 | D:4      | Noticed Duvessa
  3206 | D:4      | Noticed Dowan
  3209 | D:4      | Killed Duvessa
  3210 | D:4      | Reached skill level 5 in Shields
  3218 | D:4      | Killed Dowan
  3219 | D:4      | Reached skill level 5 in Fighting
  3219 | D:4      | Reached skill level 5 in Armour
  3219 | D:4      | Reached XP level 7. HP: 24/44 MP: 7/7
  3813 | D:5      | Entered Level 5 of the Dungeon
  3906 | D:5      | Noticed Ijyb
  3913 | D:5      | Killed Ijyb
  3996 | D:5      | Found Itohur's Neck Hole.
  4028 | D:5      | Reached XP level 8. HP: 25/51 MP: 8/8
  4233 | D:5      | Reached skill level 5 in Maces & Flails
  4416 | D:5      | You fall into a shaft and drop 2 floors!
  4417 | D:7      | yay!
  4517 | D:6      | Reached XP level 9. HP: 50/57 MP: 9/9
  5455 | D:6      | Reached XP level 10. HP: 64/64 MP: 10/10
  5481 | D:6      | Noticed a two-headed ogre
  5571 | D:5      | Killed a two-headed ogre
  5933 | D:6      | Found a staircase to the Ecumenical Temple.
  5942 | Temple   | Entered the Ecumenical Temple
  5947 | Temple   | Became a worshipper of Warmaster Okawaru
  6433 | D:6      | Reached * piety under Okawaru
  6876 | D:6      | Found an ancient bone altar of Kikubaaqudgha.
  6945 | D:6      | Noticed a cyclops
  6952 | D:6      | Killed a cyclops
  7077 | D:6      | Found a hide-covered altar of Uskayaw.
  7080 | D:6      | Noticed a +0 dagger
  7081 | D:6      | Noticed a +0 dagger
  7340 | D:7      | Found Nisituu's Magic Scroll Boutique.
  7407 | D:7      | Found a basalt altar of Yredelemnul.
  7532 | D:7      | Found a glowing silver altar of Zin.
  7533 | D:7      | Found a shimmering blue altar of Sif Muna.
  7572 | D:7      | Reached XP level 11. HP: 66/71 MP: 11/11
  8205 | D:8      | Reached ** piety under Okawaru
  8225 | D:8      | Reached skill level 10 in Fighting
  8282 | D:8      | Reached skill level 10 in Shields
  8305 | D:8      | Reached skill level 10 in Armour
  8666 | D:8      | Noticed a lindwurm
  8724 | D:8      | Noticed a lindwurm
  8726 | D:8      | Noticed a lindwurm
  8734 | D:8      | Noticed a lindwurm
  9358 | D:9      | Found a staircase to the Orcish Mines.
  9582 | D:9      | Reached *** piety under Okawaru
 10039 | D:9      | Noticed Harold
 10062 | D:9      | Killed Harold
 10062 | D:9      | Reached **** piety under Okawaru
 10445 | D:10     | Entered Level 10 of the Dungeon
 10694 | D:10     | Found a portal to a secret trove of treasure.
 10795 | D:10     | Noticed a deep elf pyromancer
 10795 | D:10     | Noticed a centaur warrior
 10796 | D:10     | Noticed a centaur warrior
 10796 | D:10     | Noticed a two-headed ogre
 10813 | D:10     | Killed a centaur warrior
 10844 | D:10     | Killed a two-headed ogre
 10844 | D:10     | Reached ***** piety under Okawaru
 10850 | D:10     | Killed a deep elf pyromancer
 10851 | D:10     | Reached XP level 12. HP: 61/80 MP: 12/12
 10901 | D:10     | Killed from afar by an orc priest

Illustrated notes

..<.. #...#
#...# #...#
#...# #
######...##.##.
#....?.........
.......@.......
#..............
.#####...##.###
..... # .#...#.
#.#...#.# #
#$... # #####


Turn 4417 on D:7: yay!

Levels and vault maps discovered:
D:1:      eino_arrival_tree_alley, layout_rooms,
          hellmonk_ecumenical_altar_prayer_group
D:2:      layout_basic, basic_altar
D:3:      layout_basic, small_statue_intersection, nicolae_figureground_sparkle,
          uniq_natasha
D:4:      layout_loops_corners, kennysheep_dice, uniq_duvessa
D:5:      layout_loops_ring, minivault_25, nicolae_shop_sticking_my_neck_out,
          uniq_ijyb
D:6:      lemuel_castle_with_subvaults [lemuel_castle_interior_original],
          layout_gridville, lemuel_zombie_altar_kikubaaqudgha,
          dancing_weapons_uskayaw, minmay_temple_entry_grid, serial_undead,
          serial_undead_d, serial_undead_e, serial_undead_b, serial_undead_c,
          chequers_serial_rivers_small_a
D:7:      layout_loops_cross, nicolae_overflow_crystal_walls,
          mainiacjoe_overflow_divided_tiny, serial_shops,
          nicolae_take_the_stairs
D:8:      layout_basic, nicolae_zen_rock_garden, minmay_lindwurm_lava
D:9:      layout_loops_cross, erik_orc_1, due_unseen_surprise, uniq_harold
D:10:     layout_roguey [special_room_orc], jmf_multi_god_temple2,
          nicolae_gozag_cash_rules_everything_around_me, lair_entry_dummy,
          nicolae_trove_entry_isolated, serial_shops, shop, minivault_4,
          grunt_tough_drop
Temple:   nicolae_temple_ecumenical_triangle

Skill      XL: |  1  2  3  4  5  6  7  8  9 10 11 |
---------------+----------------------------------+-----
Shields        | 4 5 7 8 9 11 | 11.0
Fighting       | 4 5 7 8 9 11 | 11.0
Armour         | 4 5 7 8 9 11 | 11.0
Maces & Flails | 3 4 5 7 8 9 |  9.8

Action                     |  1- 3 |  4- 6 |  7- 9 | 10-12 || total
---------------------------+-------+-------+-------+-------++-------
  Melee: Flail             |   104 |   146 |   282 |   601 ||  1133
  Evoke: Wand              |       |       |       |     1 ||     1
    Use: Scroll            |       |     2 |     3 |    16 ||    21
 Armour: Scale mail        |    67 |   149 |   232 |       ||   448
         Chain mail        |       |       |    39 |   456 ||   495
  Dodge: Dodged            |    53 |    87 |   184 |   225 ||   549
  Block: Buckler           |    19 |    66 |   240 |   397 ||   722
         Reflection        |       |     1 |     4 |    20 ||    25

Table legend: (Time is in decaauts)
 A = Elapsed time spent in this place.
 B = Non-inter-level travel time spent in this place.
 C = Inter-level travel time spent in this place.
 D = Time resting spent in this place.
 E = Time spent auto-exploring this place.
 F = Levels seen in this place.
 G = Mean time per level.
                   A        B        C        D        E       F      G
               +--------+--------+--------+--------+--------+-----+--------+
         Total |  11392 |  10873 |    519 |   1692 |   6134 |  11 | 1035.6 |
       Dungeon |  11380 |  10861 |    519 |   1692 |   6134 |  10 | 1138.0 |
        Temple |     12 |     12 |      0 |      0 |      0 |   1 |   12.0 |
               +--------+--------+--------+--------+--------+-----+--------+

Top non-repeatable levels by time:
     D:6: 2282 daAuts
     D:3: 1556 daAuts
     D:5: 1367 daAuts
     D:8: 1313 daAuts
     D:9: 1229 daAuts
     D:4: 962 daAuts
     D:2: 868 daAuts
     D:7: 718 daAuts
     D:1: 643 daAuts
    D:10: 438 daAuts
  Temple: 12 daAuts
